 Dungeon Crawl Stone Soup version 0.25.0-9-g26727b657a (webtiles) character file.

Game seed: 14637320987112034589

93 Delamore the Cudgeler (level 4, -4/28 HPs)
             Began as a Gargoyle Fighter on June 19, 2020.
             Killed by divine providence
             ... invoked by an orc priest
              (11 damage)
             ... on level 3 of the Dungeon.
             The game lasted 00:02:05 (2510 turns).

Delamore the Cudgeler (Gargoyle Fighter)            Turns: 2510, Time: 00:02:05

Health: -4/28      AC: 10    Str: 20    XL:     4   Next: 62%
Magic:  4/4        EV:  8    Int:  9    God:
Gold:   108        SH:  9    Dex:  9    Spells: 3/3 levels left

rFire    . . .     SeeInvis .   a - +0 flail
rCold    . . .     Gourm    .   c - +0 kite shield
rNeg     + . .     Faith    .   v - +0 ring mail (curse)
rPois    ∞         Spirit   .   (no helmet)
rElec    +         Reflect  .   (no cloak)
rCorr    .         Harm     .   p - +0 pair of gloves
MR       .....                  (no boots)
Stlth    ..........             (no amulet)
HPRegen  0.09/turn              (no ring)
MPRegen  0.09/turn              (no ring)

@: no status effects
A: negative energy resistance 1, electricity resistance, unbreathing,
petrification resistance, rot immunity, AC +3
a: no special abilities


You were on level 3 of the Dungeon.
You were not hungry.

You visited 1 branch of the dungeon, and saw 3 of its levels.

You collected 108 gold pieces.

Inventory:

Hand Weapons
 a - a +0 flail (weapon)
Missiles
 u - 9 poisoned darts (quivered)
Armour
 b - a +0 scale mail
 c - a +0 kite shield (worn)
 e - a +0 plate armour
 p - a +0 pair of gloves (worn)
 v - a cursed +0 ring mail (worn)
Scrolls
 k - 2 scrolls of remove curse {unknown}
 l - a scroll of magic mapping {unknown}
 m - 4 scrolls of teleportation {unknown}
 n - a scroll of immolation {unknown}
 q - a scroll of identify {unknown}
 r - a scroll of blinking {unknown}
 s - a scroll of fear {unknown}
Potions
 d - a potion of might
 g - a potion of brilliance {unknown}
 h - a potion of heal wounds {unknown}
 i - 4 potions of curing {unknown}
 j - a potion of degeneration {unknown}
 o - a potion of haste {unknown}
Comestibles
 f - 7 rations
 t - 2 chunks of flesh


   Skills:
 - Level 3.2 Fighting
 + Level 4.7 Maces & Flails
 - Level 3.2 Armour
 - Level 3.2 Shields


You had 3 spell levels left.
You didn't know any spells.
Your spell library was empty.

Dungeon Overview and Level Annotations

Branches:
Dungeon (3/15)

Altars:


Innate Abilities, Weirdness & Mutations

You are resistant to torment.
Your stone body is resilient. (AC +3)
You are immune to poison.
You resist negative energy. (rN+)
You are resistant to electric shocks. (rElec)
You can survive without breathing.
You are immune to petrification.
You are immune to rotting.


Message History

The orc priest looks satisfied for a moment.
The orc hits you but does no damage.
You hit the orc priest but do no damage.
The orc priest barely misses you. The rat barely misses you.
You block the orc's attack. The orc barely misses you.
The orc hits you but does no damage.
You hit the orc priest but do no damage.
The rat bites you but does no damage. You block the orc priest's attack.
You block the orc's attack. The orc misses you.
You closely miss the orc priest.
The orc priest calls down the wrath of Beogh upon you.
Beogh smites you!
* * * LOW HITPOINT WARNING * * *
The rat bites you.
* * * LOW HITPOINT WARNING * * *
The orc completely misses you. The orc barely misses you.
You block the orc's attack.
The orc priest mumbles some strange prayers to Beogh against you.
Beogh smites you!
You die...

#.... .# .... ..# .# .
#..###.. .####
...###..... #.....
#.......########......
######.................
##......................
...............ooo......
................@rg.....
..######.#..###..o......
#####....##..##.##......
......##.###.##.# ......
####.##.##.....#.######
####..#.....#.###.#
.........####.# .#
#....#...# #.###.#
...###.### #...#.#


You could see an orc priest, 3 orcs, a goblin and a rat.

Vanquished Creatures
  3 adders (D:2)
  A shadow imp (D:2)
  5 worms
  4 dart slugs
  2 bats
  2 giant cockroaches
  2 goblins (D:2)
  4 hobgoblins
  2 kobolds
  A quokka (D:2)
  A ball python (D:2)
  5 frilled lizards
  9 rats
41 creatures vanquished.

Notes
Turn   | Place    | Note
-------+----------+-------------------------------------------
     0 | D:1      | Delamore the Gargoyle Fighter began the quest for the Orb.
     0 | D:1      | Reached XP level 1. HP: 14/14 MP: 1/1
   382 | D:1      | Reached XP level 2. HP: 19/19 MP: 2/2
   726 | D:1      | Reached skill level 3 in Maces & Flails
  1130 | D:2      | Reached XP level 3. HP: 23/23 MP: 3/3
  1710 | D:2      | Reached skill level 4 in Maces & Flails
  1717 | D:2      | Reached XP level 4. HP: 6/28 MP: 4/4
  2510 | D:3      | Killed from afar by an orc priest

Illustrated notes

Levels and vault maps discovered:
D:1:      lemuel_arrival_muddy, layout_loops_ring
D:2:      layout_rooms
D:3:      layout_rooms, first_ration, glass_columns_b

Skill      XL: |  1  2  3 |
---------------+----------+-----
Maces & Flails | 3 4 |  4.7
Fighting       | |  3.2
Armour         | |  3.2
Shields        | |  3.2

Action                   |  1- 3 |  4- 6 || total
-------------------------+-------+-------++-------
Melee: Flail             |   157 |    98 ||   255
  Eat: Chunk             |     3 |     3 ||     6
Armor: Plate armour      |    63 |       ||    63
       Scale mail        |    66 |    66 ||   132
       Ring mail         |       |    10 ||    10
Dodge: Dodged            |    44 |    42 ||    86
Block: Kite shield       |   116 |    60 ||   176
